 Dungeon Crawl Stone Soup version 0.22-a0-374-g5dfd9e3 (webtiles) character file.

53335 Leszczynek the Grappler (level 14, -7/143 HPs)
             Began as a Troll Skald on Apr 26, 2018.
             Was a Priest of Makhleb.
             Killed from afar by Aizul (53 damage)
             ... with a poison arrow
             ... on level 3 of the Swamp.
             The game lasted 01:16:39 (9892 turns).

Leszczynek the Grappler (Troll Skald)               Turns: 9892, Time: 01:16:40

Health: -7/143     AC: 12    Str: 22    XL:     14   Next: 30%
Magic:  16/16      EV: 20    Int: 12    God:    Makhleb [***...]
Gold:   513        SH: 16    Dex: 15    Spells: 1/15 levels left

rFire    . . .     SeeInvis .     - Unarmed
rCold    . . .     Gourm    +   s - +0 shield
rNeg     . . .     Faith    .   K - +4 troll leather armour
rPois    .         Spirit   .   (helmet restricted)
rElec    .         Reflect  +   W - +0 cloak
rCorr    .         Harm     .   (gloves unavailable)
MR       ++...                  (boots unavailable)
Stlth    ++........             e - +5 amulet of reflection
HPRegen  1.13/turn              T - +3 ring of evasion
MPRegen  0.15/turn              L - ring of protection from magic

@: agile, lethally poisoned (-7 -> -34)
A: large, unfitting armour, claws 3, fast metabolism 3, gourmand, regeneration
1, shaggy fur 1, tough skin 2
a: Minor Destruction, Lesser Servant of Makhleb, Renounce Religion


You were on level 3 of the Swamp.
You worshipped Makhleb.
Makhleb was most pleased with you.
You were very full.

You visited 5 branches of the dungeon, and saw 23 of its levels.
You visited the Abyss 1 time.
You also visited: Ossuary, Bailey and Volcano.

You collected 1724 gold pieces.
You spent 1211 gold pieces at shops.

Inventory:

Missiles
 h - 8 javelins (quivered)
 u - 8 tomahawks
 E - 2 large rocks
 M - a throwing net
Armour
 p - a +2 robe of positive energy
 s - a +0 shield (worn)
 K - a +4 troll leather armour (worn)
 W - a +0 cloak (worn)
Jewellery
 e - a +5 amulet of reflection (around neck)
 x - an uncursed ring of wizardry
 A - an uncursed amulet of magic regeneration {unknown}
 H - the ring of Baseginef {rF+ rN+ Int+2 Dex-2 Stlth+}
   (You found it on level 10 of the Dungeon)

   [ring of intelligence]

   It affects your intelligence (+2).
   It affects your dexterity (-2).
   It protects you from fire.
   It protects you from negative energy.
   It makes you more stealthy.
 L - a ring of protection from magic (right claw)
 O - a +3 ring of strength
 P - the ring "Duriyrisch" {Fire Dex+6}
   (You found it on level 3 of the Lair of Beasts)

   [ring of fire]

   It enhances your fire magic.
   It affects your dexterity (+6).
   It protects you from fire.
   It makes you vulnerable to cold.
 T - a +3 ring of evasion (left claw)
Wands
 i - a wand of enslavement (34)
 F - a wand of random effects (16)
 G - a wand of paralysis (12)
 J - a wand of acid (9)
 R - a wand of disintegration (8)
 U - a wand of iceblast (3)
Scrolls
 g - 4 scrolls of fog
 j - 5 scrolls of enchant weapon
 k - 4 scrolls of remove curse {@r2}
 l - 8 scrolls of teleportation
 y - 2 scrolls of blinking
 I - 2 scrolls of enchant armour
 N - 2 scrolls of magic mapping
 S - 2 scrolls of fear
 X - a scroll of vulnerability {!r}
Potions
 a - 3 potions of magic
 b - 4 potions of ambrosia
 f - 3 potions of agility
 m - 7 potions of curing {@q1}
 o - a potion of mutation {unknown}
 q - 3 potions of brilliance
 r - 2 potions of invisibility
 t - 3 potions of heal wounds {@q2}
 v - 3 potions of might
 w - 3 potions of flight
 z - a potion of resistance
 B - 2 potions of cancellation
 C - 2 potions of haste
 Q - 3 potions of lignification {!q}
Miscellaneous
 D - a box of beasts
Comestibles
 c - 3 chunks of flesh
 d - 28 rations


   Skills:
 - Level 10.1 Fighting
 - Level 5.0 Dodging
 - Level 9.0 Shields
 + Level 14.9 Unarmed Combat
 - Level 1.2 Spellcasting
 - Level 2.0 Charms
 * Level 3.8 Transmutations
 * Level 8.0 Earth Magic
 - Level 5.0 Invocations


You had one spell level left.
You knew the following spells:

 Your Spells              Type           Power        Failure   Level  Hunger
a - Statue Form           Tmut/Erth      ###......    99%         6    #######
b - Bolt of Magma         Conj/Fire/Erth #.........   97%         5    ######.
q - Regeneration          Chrm/Necr      #.........   56%         3    ####...


Dungeon Overview and Level Annotations

Branches:
Dungeon (13/15)            Temple (1/1) D:4            Lair (4/6) D:9
  Swamp (3/4) Lair:2          Orc (2/2) D:11            Elf (0/3) Orc:2
  Snake: Lair:2-4    Spider: Lair:2-4    Vaults: D:13-14

Altars:
Ashenzari
Cheibriados
Hepliaklqana
Makhleb
Nemelex Xobeh
Qazlal
Sif Muna
Uskayaw
Vehumet
Wu Jian
Zin

Shops:
D:4 =*   D:8 !   D:9 *   D:10 (   Orc:2 =*%(

Annotations:
D:3 1 runed door
D:13 vaults
Lair:4 spider (NW)
Swamp:1 !
Swamp:2 exclusion: downstairs
Swamp:3 Aizul


Innate Abilities, Weirdness & Mutations

You are too large for most types of armour.
You have claws for hands.
Your metabolism is lightning-fast.
You like to eat raw meat.
Your natural rate of healing is unusually fast.
You are covered in fur. (AC +1)
You have very tough skin. (AC +2)


Message History

Your ynoxinul hits Aizul but does no damage.
Aizul casts a spell at you. The bolt of poison hits you!
You are more poisoned.
You wake up.
The bolt of poison misses your ufetubus.
Unknown command.
You barely miss Aizul.
Aizul is moderately wounded.
You feel sick.
The vampire mosquito closely misses you.
Your ufetubus misses Aizul. x2
Your ufetubus closely misses the vampire mosquito.
Your ufetubus hits the vampire mosquito.
Your smoke demon hits Aizul but does no damage.
Your smoke demon barely misses Aizul.
Your smoke demon hits Aizul.
Aizul coils herself and waves her upper body at you.
The poison arrow hits you!
You are more poisoned.
You die...

≈≈♣♣
♣♣≈≈≈≈≈≈≈§...≈..
≈.♣
♣♣.≈♣≈≈.≈≈.≈≈≈.♣♣
.♣♣
♣....≈....≈≈.≈♣♣ .
♣♣≈≈≈≈≈≈.≈≈≈♣.♣♣ ♣
♣.≈≈≈≈≈≈≈≈≈...♣
♣♣.≈≈≈.≈≈≈♣≈≈.♣♣
♣♣..f≈..≈.≈≈≈≈..♣
♣♣..≈≈≈≈.≈≈3≈...§♣
♣
♣...≈≈≈≈≈≈5@S3≈♣..♣
♣
...≈≈≈≈≈..♣≈y5≈≈≈.♣
.♣
≈≈≈≈≈.≈..≈≈≈5.≈≈...
..
≈≈≈..♣.≈≈≈≈.≈≈≈...
.≈
♣♣♣♣≈≈.♣.§......≈≈
.≈ ♣♣♣..≈≈≈≈.≈≈≈≈≈
≈w ..≈.....≈≈≈≈≈ ≈.
.≈.≈≈≈≈.≈≈..≈. .≈
≈≈≈.≈≈≈≈≈♣≈≈≈ .≈


You could see Aizul (burning), a thorn hunter, a vampire mosquito, a friendly
smoke demon, a friendly ynoxinul and 3 friendly ufetubi.

Vanquished Creatures
  Jorgrun (Swamp:3)
  A thorn hunter (Swamp:2)
  Roxanne (Swamp:2)
  A stone giant (Orc:2)
  An ettin (Orc:2)
  2 hydras
  2 ghost crabs
  A centaur warrior (D:13)
  A two-headed ogre (D:10)
  4 alligators
  A sun demon (Volcano)
  Urug (D:11)
  2 orc high priests (Orc:2)
  3 spriggans
  A hell knight (Volcano)
  2 swamp dragons (Swamp:2)
  A shambling mangrove (Swamp:2)
  4 orc knights (Orc:2)
  An ugly thing (Volcano)
  A centaur skeleton (D:12)
  A torpor snail (Lair:3)
  Psyche (D:12)
  A molten gargoyle (Volcano)
  8 spiny frogs
  A gargoyle (D:12)
  A rime drake (Lair:4)
  3 komodo dragons
  5 trolls
  A hornet (Swamp:2)
  8 tyrant leeches
  3 blink frogs (Lair:3)
  3 hippogriffs
  5 bog bodies
  7 slime creatures
  A shadow (D:11)
  14 yaks
  A vampire (D:12)
  2 wyverns
  23 orc warriors
  5 fire bats (Volcano)
  15 vampire mosquitoes
  3 swamp worms
  2 insubstantial wisps (Swamp:1)
  3 wargs (Orc:2)
  4 water moccasins
  5 hell hounds
  4 porcupines
  4 black bears
  A sky beast (D:8)
  4 ice beasts
  2 hornet zombies
  An eye of draining (D:9)
  A necrophage (D:9)
  4 wolves (Orc:2)
  6 ogres
  2 phantoms
  4 centaurs
  5 crocodiles
  7 bullfrogs
  5 scorpions
  5 crimson imps
  2 howler monkeys
  6 lava snakes (Volcano)
  3 jellies
  2 bullfrog zombies
  3 centaur zombies
  6 hounds
  16 orc priests
  14 orc wizards
  A bullfrog skeleton (D:11)
  3 iguanas
  4 worker ants
  A killer bee zombie (Ossuary)
  4 hound zombies
  12 mummies (Ossuary)
  3 worker ant zombies (Ossuary)
  Robin (D:4)
  3 gnolls (Orc:1)
  9 adders
  A shadow imp (D:8)
  2 oozes (D:3)
  6 adder zombies
  2 adder skeletons
  A worm (D:3)
  5 leopard geckos
  56 orcs
  4 giant cockroaches
  13 goblins
  6 hobgoblins
  10 jackals
  7 kobolds
  A quokka (D:3)
  A ball python (D:1)
  4 bats
  5 frilled lizards
  A giant cockroach zombie (Ossuary)
  A jackal zombie (Ossuary)
  2 quokka zombies (Ossuary)
  5 rats
439 creatures vanquished.

Vanquished Creatures (collateral kills)
  5 hydras
  A two-headed ogre (D:10)
  3 orc high priests (Orc:2)
  Nergalle (D:12)
  A swamp dragon (Swamp:1)
  A spriggan druid (Swamp:3)
  An orc knight (Orc:2)
  An oklob plant (Lair:3)
  3 spiny frogs
  A rime drake (Lair:3)
  A red devil (Volcano)
  A tyrant leech (Swamp:1)
  3 bog bodies (Swamp:3)
  2 yaks
  A wraith (D:12)
  A fire bat (Volcano)
  5 vampire mosquitoes
  A swamp worm (Swamp:3)
  3 insubstantial wisps (Swamp:1)
  A warg (Orc:2)
  3 swamp drakes
  10 orc warriors
  A wolf (Orc:2)
  A big kobold (D:9)
  9 orc priests
  3 orc wizards (Orc:2)
  16 orcs
  A kobold (D:9)
81 creatures vanquished.

Vanquished Creatures (others)
  A tyrant leech (Swamp:1)
  A yak (D:10)
  4 plants (Swamp:2)
  A withered plant (Ossuary)
7 creatures vanquished.

Grand Total: 527 creatures vanquished

Notes
Turn   | Place    | Note
-------+----------+-------------------------------------------
     0 | D:1      | Leszczynek the Troll Skald began the quest for the Orb.
     0 | D:1      | Reached XP level 1. HP: 19/19 MP: 1/1
    74 | D:1      | Reached XP level 2. HP: 24/27 MP: 2/2
   176 | D:2      | Reached skill level 3 in Unarmed Combat
   276 | D:2      | Reached XP level 3. HP: 33/33 MP: 3/3
   290 | D:2      | Reached skill level 4 in Unarmed Combat
   484 | D:2      | Reached XP level 4. HP: 35/41 MP: 4/4
   629 | D:3      | Found a shattered altar of Ashenzari.
   886 | D:4      | Reached skill level 5 in Unarmed Combat
   886 | D:4      | Reached XP level 5. HP: 29/48 MP: 5/5
  1000 | D:4      | Reached skill level 6 in Unarmed Combat
  1014 | D:4      | Noticed Robin
  1074 | D:4      | Killed Robin
  1088 | D:4      | Found a staircase to the Ecumenical Temple.
  1094 | Temple   | Entered the Ecumenical Temple
  1110 | Temple   | Became a worshipper of Makhleb the Destroyer
  1173 | D:5      | Entered Level 5 of the Dungeon
  1176 | D:5      | Noticed an ogre
  1188 | D:4      | Reached XP level 6. HP: 44/55 MP: 6/6
  1262 | D:3      | Found a glowing silver altar of Zin.
  1262 | D:3      | Found a runed door.
  1262 | D:3      | Noticed an angel
  1329 | D:4      | Found Haroll's Jewellery Emporium.
  1359 | D:4      | Found Erghol's Assorted Antiques.
  1368 | D:4      | Bought 3 scrolls labeled VONEEC NALO for 60 gold pieces
  1368 | D:4      | Bought 3 scrolls labeled KISAET NOADGH for 60 gold pieces
  1368 | D:4      | Bought a golden potion for 18 gold pieces
  1368 | D:4      | Bought a smoky orange potion for 18 gold pieces
  1368 | D:4      | Bought a scroll labeled KISAET NOADGH for 20 gold pieces
  1368 | D:4      | SOME of these might be good
  1368 | D:4      | lol
  1374 | D:4      | yep, 3 enchant armors
  1490 | D:5      | Reached skill level 7 in Unarmed Combat
  1548 | D:5      | Reached skill level 2 in Fighting
  1548 | D:5      | Reached skill level 1 in Shields
  1548 | D:5      | Reached XP level 7. HP: 37/65 MP: 7/7
  1571 | D:5      | and 4 enchant weapons lol
  1741 | D:7      | Found a sand-covered staircase.
  1751 | Ossuary  | Entered an ossuary
  1828 | Ossuary  | Reached * piety under Makhleb
  1828 | Ossuary  | Reached skill level 2 in Shields
  1828 | Ossuary  | Reached skill level 8 in Unarmed Combat
  1934 | Ossuary  | Reached skill level 3 in Fighting
  1934 | Ossuary  | Reached XP level 8. HP: 57/75 MP: 8/8
  2124 | D:8      | Found a hazy altar of Hepliaklqana.
  2124 | D:8      | Found a deep blue altar of Sif Muna.
  2203 | D:8      | Found Xuzipn's Distillery.
  2224 | D:8      | Bought a potion of berserk rage for 60 gold pieces
  2224 | D:8      | Bought a potion of degeneration for 12 gold pieces
  2224 | D:8      | let's id this and be done with it
  2230 | D:8      | only 12 gold
  2243 | D:8      | Reached skill level 9 in Unarmed Combat
  2251 | D:7      | Reached ** piety under Makhleb
  2260 | D:7      | Reached skill level 3 in Shields
  2393 | D:8      | Reached skill level 1 in Invocations
  2477 | D:7      | Found a snail-covered altar of Cheibriados.
  2521 | D:9      | Reached skill level 4 in Fighting
  2556 | D:9      | Reached skill level 2 in Invocations
  2556 | D:9      | Reached XP level 9. HP: 64/83 MP: 9/9
  2605 | D:10     | Entered Level 10 of the Dungeon
  2606 | D:10     | Found Ypletea's Weapon Boutique.
  2617 | D:10     | Got a wavering pewter ring
  2618 | D:10     | Identified the ring of Baseginef {rF+ rN+ Int+2 Dex-2 Stlth+} (You found it on level 10 of the Dungeon)
  2631 | D:10     | Noticed a two-headed ogre
  2644 | D:10     | Noticed a two-headed ogre
  2653 | D:10     | Killed a two-headed ogre
  2653 | D:10     | Reached skill level 4 in Shields
  2653 | D:10     | Reached skill level 10 in Unarmed Combat
  2801 | D:9      | Reached skill level 3 in Invocations
  2816 | D:9      | y i k e s
  2816 | D:9      | ah no i have rf
  2832 | D:9      | so is it azrael or lair
  2832 | D:9      | lol
  2873 | D:9      | Found Ybba Rei's General Store.
  2874 | D:9      | Noticed a troll
  2969 | D:9      | Killed a troll
  2985 | D:9      | Reached skill level 5 in Fighting
  3005 | D:9      | Found a staircase to the Lair.
  3022 | D:9      | lair it is
  3030 | D:9      | Reached *** piety under Makhleb
  3099 | D:9      | HP: 12/87 [hippogriff (7)]
  3100 | D:9      | Reached XP level 10. HP: 29/95 MP: 11/11
  3213 | D:9      | Reached skill level 11 in Unarmed Combat
  3213 | D:9      | Reached skill level 4 in Invocations
  3397 | D:10     | Reached skill level 2 in Dodging
  3397 | D:10     | Reached skill level 5 in Shields
  3531 | D:10     | Reached skill level 6 in Fighting
  3731 | D:10     | Killed a two-headed ogre
  3731 | D:10     | Reached skill level 3 in Dodging
  3731 | D:10     | Reached skill level 6 in Shields
  3731 | D:10     | Reached skill level 5 in Invocations
  3857 | D:11     | Noticed Urug
  3888 | D:11     | Killed Urug
  3888 | D:11     | Reached XP level 11. HP: 52/106 MP: 13/13
  3943 | D:11     | Found a staircase to the Orcish Mines.
  3987 | D:11     | Reached skill level 7 in Fighting
  4069 | D:12     | Noticed a skeletal warrior
  4069 | D:12     | Noticed a skeletal warrior
  4069 | D:12     | Noticed a skeletal warrior
  4164 | D:12     | Noticed Nergalle
  4184 | D:12     | Killed Nergalle
  4184 | D:12     | Reached skill level 7 in Shields
  4185 | D:12     | Noticed Psyche
  4188 | D:12     | Killed Psyche
  4248 | D:12     | Noticed a wizard
  4253 | D:12     | Reached skill level 4 in Dodging
  4315 | D:12     | oh no, i will miss out on labyrinth
  4315 | D:12     | oh no
  4318 | D:12     | :^)
  4611 | D:13     | Noticed a centaur warrior
  4617 | D:13     | Killed a centaur warrior
  4645 | D:13     | Noticed a green ugly thing
  4683 | Orc:1    | Entered Level 1 of the Orcish Mines
  4692 | D:11     | Reached **** piety under Makhleb
  4728 | Orc:1    | Found a flagged portal.
  4847 | Bailey   | Entered a bailey
  4855 | Orc:1    | meh
  4867 | Orc:2    | Entered Level 2 of the Orcish Mines
  4867 | Orc:2    | Found a staircase to the Elven Halls.
  4902 | Orc:1    | Reached skill level 8 in Fighting
  4932 | Orc:2    | Noticed an ettin
  4938 | Orc:2    | Killed an ettin
  5063 | Orc:1    | Noticed a two-headed ogre
  5261 | Orc:2    | Noticed a stone giant
  5263 | Orc:2    | wow, ettin and stone giant
  5288 | Orc:2    | i have 3 !zerk if necessary
  5446 | Orc:2    | hopefully it's not close enough to wake up the giant
  5559 | Orc:2    | Cast into level 1 of the Abyss (orc warrior)
  5560 | Abyss:1  | of course
  5605 | Orc:2    | Escaped the Abyss
  5621 | Orc:2    | Noticed an orc high priest
  5638 | Orc:2    | Killed an orc high priest
  5638 | Orc:2    | Reached skill level 5 in Dodging
  5642 | Orc:2    | Reached skill level 8 in Shields
  5737 | Orc:2    | Reached XP level 12. HP: 114/122 MP: 14/14
  5895 | Orc:2    | Noticed an orc high priest
  5902 | Orc:2    | Noticed an orc high priest
  6007 | Orc:2    | Noticed an orc high priest
  6056 | Orc:2    | Killed an orc high priest
  6056 | Orc:2    | Reached skill level 9 in Fighting
  6056 | Orc:2    | Reached skill level 12 in Unarmed Combat
  6094 | Orc:2    | Killed an orc high priest
  6118 | Orc:2    | fuck
  6118 | Orc:2    | it's awake
  6156 | Orc:2    | Killed a stone giant
  6170 | Orc:2    | maybe i panicked too much
  6225 | Orc:2    | Killed an orc high priest
  6284 | Orc:2    | Noticed an orc high priest
  6290 | Orc:2    | Killed an orc high priest
  6382 | Orc:2    | Found Onyu's Food Emporium.
  6383 | Orc:2    | Found Requang's General Store.
  6383 | Orc:2    | Found Reusmy's Jewellery Emporium.
  6384 | Orc:2    | Found Iboaped's Antique Weapon Emporium.
  6393 | Orc:2    | Bought an uncursed ring of protection from magic for 400 gold pieces
  6398 | Orc:2    | Bought a scroll of identify for 26 gold pieces
  6398 | Orc:2    | Bought a scroll of magic mapping for 45 gold pieces
  6608 | D:8      | Bought a potion of flight for 36 gold pieces
  6608 | D:8      | Bought a potion of agility for 48 gold pieces
  6608 | D:8      | Bought a potion of heal wounds for 60 gold pieces
  6610 | D:8      | Bought a potion of heal wounds for 60 gold pieces
  6610 | D:8      | Bought a potion of curing for 36 gold pieces
  6610 | D:8      | Bought a potion of cancellation for 96 gold pieces
  6610 | D:8      | Bought a potion of heal wounds for 60 gold pieces
  6610 | D:8      | Bought a potion of ambrosia for 96 gold pieces
  6645 | Lair:1   | Entered Level 1 of the Lair of Beasts
  6744 | Lair:1   | Noticed a six-headed hydra
  6786 | Lair:1   | Noticed a six-headed hydra
  6802 | Lair:1   | Killed a six-headed hydra
  6850 | Lair:1   | Learned a level 3 spell: Regeneration
  6976 | Lair:3   | Got a coiled jade ring
  6977 | Lair:3   | Identified the ring "Duriyrisch" {Fire Dex+6} (You found it on level 3 of the Lair of Beasts)
  7069 | Lair:3   | Reached skill level 10 in Fighting
  7143 | Lair:3   | Found a snail-covered altar of Cheibriados.
  7154 | Lair:3   | Reached skill level 13 in Unarmed Combat
  7231 | Lair:3   | Found a dark tunnel.
  7240 | Volcano  | Entered a volcano
  7333 | Volcano  | Reached skill level 9 in Shields
  7396 | Volcano  | Found a burning altar of Makhleb.
  7411 | Volcano  | Reached XP level 13. HP: 72/133 MP: 15/15
  7572 | Volcano  | mostly waste of time, sadly
  7575 | Lair:3   | hm
  7575 | Lair:3   | i could take that demon blade out
  7575 | Lair:3   | in an off-chance of trove
  8157 | Lair:4   | Learned a level 5 spell: Bolt of Magma
  8157 | Lair:4   | desperation
  8243 | Lair:3   | Reached skill level 1 in Earth Magic
  8305 | Lair:2   | Found a staircase to the Swamp.
  8306 | Lair:2   | swamp :/
  8334 | Lair:2   | but maybe there'll be a swamp ds there
  8349 | Lair:2   | Reached skill level 14 in Unarmed Combat
  8410 | Swamp:1  | Entered Level 1 of the Swamp
  8420 | Swamp:1  | Reached skill level 2 in Earth Magic
  8490 | Swamp:1  | Reached skill level 3 in Earth Magic
  8555 | Lair:2   | there was one dragon, but no luck yet
  8564 | Swamp:1  | Reached skill level 4 in Earth Magic
  8748 | Swamp:1  | Noticed Aizul
  8883 | Swamp:1  | Reached skill level 5 in Earth Magic
  8966 | Swamp:1  | any stairs anywhere not close to aizul? please?
  9017 | Swamp:1  | thanks
  9077 | Swamp:2  | Noticed Roxanne
  9078 | Swamp:2  | oh!
  9113 | Swamp:2  | Killed Roxanne
  9113 | Swamp:2  | Reached skill level 6 in Earth Magic
  9114 | Swamp:2  | Identified Roxanne's Collected Works on Stones (You took it off Roxanne on level 2 of the Swamp)
  9134 | Swamp:2  | Learned a level 6 spell: Statue Form
  9134 | Swamp:2  | this is great
  9214 | Swamp:3  | Noticed Jorgrun
  9217 | Swamp:2  | y i k e s
  9217 | Swamp:2  | i don't have MR for that guy
  9254 | Swamp:2  | Reached skill level 1 in Transmutations
  9271 | Swamp:2  | 2 swamp dragons, no scales yet
  9386 | Swamp:2  | 3, still no luck
  9414 | Swamp:3  | Reached skill level 2 in Transmutations
  9414 | Swamp:3  | Reached skill level 7 in Earth Magic
  9423 | Swamp:3  | HP: 6/133 [tyrant leech (23)]
  9428 | Swamp:3  | Reached XP level 14. HP: 47/143 MP: 16/16
  9441 | Swamp:3  | just a bit close
  9445 | Swamp:3  | Noticed a thorn hunter
  9535 | Swamp:2  | Killed a thorn hunter
  9613 | Swamp:3  | Reached skill level 3 in Transmutations
  9620 | Swamp:3  | Noticed a thorn hunter
  9712 | Swamp:3  | Killed Jorgrun
  9720 | Swamp:3  | that's all of my zerk potions
  9782 | Swamp:3  | Reached skill level 8 in Earth Magic
  9880 | Swamp:3  | what is he doing here
  9880 | Swamp:3  | come on
  9880 | Swamp:3  | shaft in swamp?
  9880 | Swamp:3  | what's the fucking chance...
  9892 | Swamp:3  | Killed from afar by Aizul

Vault maps used:
D:1:      dpeg_arrival_arbitrary_b
D:2:      nicolae_ru_great_annihilating_truth
D:3:      ashenzari_altar_1, first_ration, lemuel_angel_altar
D:4:      temple_green, serial_shops, nicolae_shop_crystal,
          nicolae_shop_overgrown_old_shop, kennysheep_mini_moat, shop_fountains,
          nicolae_shop_window_shopping, minmay_small_thing, uniq_robin
D:5:      overflow_temple_1_default, goddamned_bats, uniq_blork_the_orc
D:6:      serial_shops, shop, shop, shop, shop, shop, corexii_hall_statues_l,
          uniq_menkaure, uniq_edmund
D:7:      lemuel_upstairs_altar, fedhas_altar_3,
          lightli_ossuary_entry_decrepit_ruins
D:8:      gammafunk_temple_overflow_wave, serial_shops, shop,
          uniq_prince_ribbit1, uniq_gastronok
D:9:      minmay_lair_entry_lava, serial_shops, shop_fountains, uniq_pikel
D:10:     serial_shops, shop_statue
D:11:     orc_0_dummy, hangedman_pestilent_swarm, uniq_sonja, uniq_urug
D:12:     lab_entry_generic, evilmike_minifort, uniq_nergalle, uniq_psyche
D:13:     lightli_vaults_fourway_checkpoint, uniq_maurice
Temple:   compressed_dpeg_circular_temple
Lair:1:   special_room
Lair:2:   minmay_swamp_entry_worms
Lair:3:   dpeg_oklob_shooting_range, nicolae_volcano_entry_s_turn,
          kennysheep_snail_temple, grunt_megastairs_3
Lair:4:   nicolae_spider_entry_orb_guardian, eino_small_chamber_without_monster
Swamp:1:  nicolae_swamp_trees_clearing, uniq_aizul
Swamp:2:  nicolae_swamp_round_clearing, swamp_pool5, nicolae_swamp_little_tower,
          uniq_roxanne
Swamp:3:  hangedman_swamp_ruin_wall, uniq_mara, uniq_jorgrun
Orc:1:    enter_bailey_2, uniq_snorg
Orc:2:    st_orc_pillars, mines5_lemuel
Ossuary:  ossuary_zaba_flooded
Bailey:   bailey_polearm_4, bailey
Volcano:  volcano_grotto

Skill      XL: |  1  2  3  4  5  6  7  8  9 10 11 12 13 14 |
---------------+-------------------------------------------+-----
Unarmed Combat | 3 4 5 6 7 8 9 10 11 13 14 | 14.9
Fighting       | 2 3 4 5 6 8 10 | 10.1
Shields        | 1 2 3 4 6 8 9 |  9.0
Invocations    | 2 3 5 |  5.0
Dodging        | 3 5 |  5.0
Earth Magic    | 7 8 |  8.0
Transmutations | 2 3 |  3.8
Spellcasting   | |  1.2
Charms         | |  2.0

Action                   |  1- 3 |  4- 6 |  7- 9 | 10-12 | 13-15 || total
-------------------------+-------+-------+-------+-------+-------++-------
Melee: Unarmed           |   110 |   166 |   260 |   696 |   435 ||  1667
       Punch             |     1 |     4 |    10 |     3 |       ||    18
Throw: Javelin           |       |     1 |       |     9 |       ||    10
Invok: Minor Destruction |       |       |     2 |    19 |    14 ||    35
       Lesser Servant of |       |       |       |    39 |    36 ||    75
Evoke: Wand              |       |       |     2 |     3 |     3 ||     8
  Use: Scroll            |     3 |     3 |     7 |    14 |     5 ||    32
       Potion            |       |       |       |     2 |     6 ||     8
 Stab: Distracted        |       |       |     1 |     4 |     4 ||     9
       Sleeping          |       |       |     1 |       |       ||     1
  Eat: Chunk             |    10 |     9 |    15 |    38 |    25 ||    97
Armor: Robe              |    48 |    42 |    48 |    15 |       ||   153
       Troll leather arm |       |       |       |    75 |    79 ||   154
Dodge: Dodged            |    55 |    58 |    85 |   131 |   163 ||   492
Block: Other             |       |    20 |    40 |    13 |       ||    73
       Reflection        |       |     1 |     1 |    13 |     1 ||    16
       Shield            |       |       |       |   330 |   305 ||   635

Table legend:
 A = Spawn XP
 B = Non-spawn XP
 C = Spawn XP percentage of total XP
 D = Spawn monster count
 E = Non-spawn monster count
 F = Spawn count percentage of total count
 G = Total turns spent on level
                    A         B        C        D         E        F      G
               +---------+---------+-------+---------+---------+-------+---------
         Total |       0 |   76194 |   0.0 |       0 |     522 |   0.0 |  9892
               +---------+---------+-------+---------+---------+-------+---------
           D:1 |       0 |      19 |   0.0 |       0 |      13 |   0.0 |   221
           D:2 |       0 |      74 |   0.0 |       0 |      17 |   0.0 |   260
           D:3 |       0 |     120 |   0.0 |       0 |      26 |   0.0 |   532
           D:4 |       0 |     329 |   0.0 |       0 |      30 |   0.0 |   441
           D:5 |       0 |     333 |   0.0 |       0 |       5 |   0.0 |   149
           D:6 |       0 |      26 |   0.0 |       0 |       2 |   0.0 |    33
           D:7 |       0 |      51 |   0.0 |       0 |       3 |   0.0 |   206
           D:8 |       0 |     824 |   0.0 |       0 |      13 |   0.0 |   363
           D:9 |       0 |    2708 |   0.0 |       0 |      35 |   0.0 |   707
          D:10 |       0 |    5074 |   0.0 |       0 |      29 |   0.0 |   673
          D:11 |       0 |    2620 |   0.0 |       0 |      21 |   0.0 |   397
          D:12 |       0 |    2480 |   0.0 |       0 |      15 |   0.0 |   500
          D:13 |       0 |    1203 |   0.0 |       0 |       3 |   0.0 |    49
        Lair:1 |       0 |    2065 |   0.0 |       0 |      10 |   0.0 |   228
        Lair:2 |       0 |    1273 |   0.0 |       0 |       7 |   0.0 |   213
        Lair:3 |       0 |    4492 |   0.0 |       0 |      20 |   0.0 |   555
        Lair:4 |       0 |    1655 |   0.0 |       0 |       6 |   0.0 |   481
       Swamp:1 |       0 |    9743 |   0.0 |       0 |      41 |   0.0 |   579
       Swamp:2 |       0 |   12934 |   0.0 |       0 |      25 |   0.0 |   523
       Swamp:3 |       0 |    9303 |   0.0 |       0 |      19 |   0.0 |   334
         Orc:1 |       0 |     967 |   0.0 |       0 |      21 |   0.0 |   264
         Orc:2 |       0 |   13154 |   0.0 |       0 |     109 |   0.0 |  1457
       Ossuary |       0 |     699 |   0.0 |       0 |      32 |   0.0 |   309
       Volcano |       0 |    4048 |   0.0 |       0 |      20 |   0.0 |   334
               +---------+---------+-------+---------+---------+-------+---------
